 Dungeon Crawl Stone Soup version 0.30.1-11-g7821555f0a (webtiles) character file.

Game seed: 3520962415218413763

4673 lonewolfV2 the Blocker (level 10, 0/127 HPs)
             Began as a Formicid Fighter on Nov 16, 2023.
             Was an Initiate of Qazlal.
             Slain by a death yak (5 damage)
             ... on level 7 of the Dungeon.
             The game lasted 00:12:29 (7887 turns).

lonewolfV2 the Blocker (Formicid Fighter)           Turns: 7887, Time: 00:12:29

Health: 0/127      AC: 25    Str: 34    XL:     10   Next: 71%
Magic:  0/16       EV:  2    Int:  8    God:    Qazlal [......]
Gold:   462        SH: 13    Dex: 15    Spells: 9/9 levels left

rFire   + . .        a - +0 war axe (flame)
rCold   + + .        o - +1 kite shield
rNeg    . . .        i - melded +0 chain mail
rPois   +            (helmet unavailable)
rElec   +            w - melded +2 cloak
rCorr   +            (gloves currently unavailable)
SInv    .            l - melded +1 pair of boots of Bocsio {Dex+3}
Will    +....        q - amulet of guardian spirit
Stlth   +            n - +6 ring of strength
HPRegen 0.41/turn    p - ring of Ajiz {rC+ Str+5}
MPRegen 0.15/turn

%: guardian spirit
@: tree-form, resistant
A: stationary, stasis, torment immunity, boosted hp, permanent stasis, dig
shafts and tunnels, (antennae 3), four strong arms, (talons 1), evolution 1,
MP-powered wands
a: Renounce Religion


You were on level 7 of the Dungeon.
You worshipped Qazlal.
Qazlal was noncommittal.
You were a tree.
You visited 2 branches of the dungeon, and saw 9 of its levels.
You also visited: Sewer.

You collected 462 gold pieces.

Inventory:

Hand Weapons
 a - a +0 war axe of flaming (weapon)
Armour
 c - a +1 buckler
 i - a +0 chain mail (melded)
 l - the +1 pair of boots of Bocsio (melded) {Dex+3}
   (You found it on level 6 of the Dungeon)

   Dex:       It affects your dexterity (+3).
 o - a +1 kite shield (worn)
 w - a +2 cloak (melded)
Jewellery
 j - an amulet of faith
 n - a +6 ring of strength (left branch)
 p - the ring of Ajiz (right branch) {rC+ Str+5}
   (You found it on level 7 of the Dungeon)

   [ring of protection from cold]

   Str:       It affects your strength (+5).
   rC:        It protects you from cold.
 q - an amulet of guardian spirit (around neck)
Wands
 h - a wand of charming (2)
 k - a wand of digging (7)
Scrolls
 b - 2 scrolls of silence
 e - 2 scrolls of torment
Potions
 f - 2 potions of lignification


   Skills:
 - Level 10.0 Fighting
 - Level 9.3 Axes
 * Level 8.5 Armour
 - Level 12.3 Shields
 + Level 8.5 Invocations


You had 9 spell levels left.
You didn't know any spells.
Your spell library contained the following spells:

 Spells                   Type           Power      Damage    Failure   Level
 Kiss of Death            Conj/Necr      0%         2d5       52%         1
 Necrotise                Necr           0%         1d4       52%         1
 Sting                    Tmut/Pois      0%         1d3       52%         1
 Poisonous Vapours        Pois/Air       0%         N/A       67%         2
 Confusing Touch          Hex            0%         N/A       88%         3
 Vampiric Draining        Necr           0%         2d6       88%         3
 Dispel Undead            Necr           0%         3d6       99%         4
 Olgreb's Toxic Radiance  Pois           0%         N/A       99%         4
 Agony                    Necr           0%         N/A       100%        5


Dungeon Overview and Level Annotations

Branches:
Dungeon (8/15)             Temple (1/1) D:7            Lair (0/5) D:8
  Sewer (visited)

Altars:
Cheibriados
Dithmenos
Elyvilon
Fedhas
Gozag
Hepliaklqana
Kikubaaqudgha
Makhleb
Nemelex Xobeh
Okawaru
Qazlal
Ru
Trog
Uskayaw
Vehumet
Wu Jian
Yredelemnul
Zin
The Shining One

Shops:
D:7 =

Annotations:
D:7 1 runed translucent door, rozman's ghost, novice TeSu


Innate Abilities, Weirdness & Mutations

You are a tree.
Your roots penetrate the ground, keeping you stationary.
You cannot be teleported.
You are immune to unholy pain and torment.
Your maximum health is greatly increased.
Your equipment is partially melded.
You cannot be hasted, slowed, berserked, paralysed or teleported.
You can dig through walls and to a lower floor.
((You have a pair of large antennae on your head. (SInv)))
Your four strong arms can wield two-handed weapons with a shield.
((You have sharp toenails.))
You have hidden genetic potential.
You expend magic power (3 MP) to strengthen your wands.


Message History

* * * LOW HITPOINT WARNING * * *
You completely miss the death yak.
The death yak is moderately wounded.
The death yak gores you!
* * * LOW HITPOINT WARNING * * *
You hit the death yak but do no damage.
The death yak is moderately wounded.
The death yak gores you.
* * * LOW HITPOINT WARNING * * *
The death yak gores you!
* * * LOW HITPOINT WARNING * * *
Okay, then.
Aiming: Charm
Press: ? - help, Q - select action, (/) - cycle Shift-Dir - straight line, f - death yak
Aim: a death yak (moderately wounded, chance to affect: 2%)
The death yak resists with almost no effort.
You block the death yak's attack.
A death yak is nearby!
A death yak is nearby!
Aiming: Charm
Press: ? - help, Q - select action, (/) - cycle Shift-Dir - straight line, f/p - death yak
Aim: a death yak (moderately wounded, chance to affect: 1%)
The death yak resists with almost no effort.
You block the death yak's attack.
Aiming: Charm
Press: ? - help, Q - select action, (/) - cycle Shift-Dir - straight line, f/p - death yak
Aim: a death yak (lightly wounded, chance to affect: 1%)
The death yak resists with almost no effort.
The death yak gores you but does no damage.
Aiming: Charm
Press: ? - help, Q - select action, (/) - cycle Shift-Dir - straight line, f/p - death yak
Aim: a death yak (lightly wounded, chance to affect: 1%)
The death yak resists with almost no effort.
You block the death yak's attack.
Aiming: Charm
Press: ? - help, Q - select action, (/) - cycle Shift-Dir - straight line, f/p - death yak
Aim: a death yak (lightly wounded, chance to affect: 2%)
The death yak resists with almost no effort.
The death yak gores you.
You die...

.....###.†.............#
.......................###
#.....................##.#
##......................##
##...................###
#..................##
#.................##
#........#####Y..##
###....##### #♣.##
.......## #### #####.#.#
#####


You could see a death yak.

Vanquished Creatures
  A death yak (D:8)
  3 vampire mosquitoes (D:8)
  Menkaure (D:5)
  4 water moccasins
  An orc warrior (D:7)
  A sky beast (D:7)
  An ogre (D:7)
  A kobold brigand (D:6)
  6 bullfrogs
  A gnoll sergeant (D:6)
  A scorpion (D:5)
  A howler monkey (D:5)
  7 hounds
  An orc priest (D:6)
  5 jellies
  3 iron imps (D:5)
  3 orc wizards
  A mummy (D:7)
  Robin (D:4)
  9 gnolls
  12 adders
  2 white imps (D:5)
  4 ufetubi (D:5)
  3 worms
  3 dart slugs
  30 orcs
  16 endoplasms
  12 giant cockroaches
  21 goblins
  13 hobgoblins
  12 quokkas
  13 ball pythons
  4 bats
  7 frilled lizards
  A hobgoblin zombie (D:7)
  23 kobolds
  A kobold zombie (D:7)
  2 orc zombies (D:7)
  4 rats
235 creatures vanquished.

Notes
Turn   | Place    | Note
-------+----------+-------------------------------------------
     0 | D:1      | lonewolfV2 the Formicid Fighter began the quest for the
                  | Orb.
     0 | D:1      | Reached XP level 1. HP: 18/18 MP: 1/1
   270 | D:1      | Reached XP level 2. HP: 24/24 MP: 2/2
   822 | D:1      | Reached XP level 3. HP: 26/30 MP: 3/3
  1378 | D:2      | Reached XP level 4. HP: 34/37 MP: 4/4
  1786 | D:2      | Found a faded altar of an unknown god.
  2087 | D:3      | Reached XP level 5. HP: 33/43 MP: 5/5
  2542 | D:4      | Reached skill level 5 in Fighting
  2542 | D:4      | Reached skill level 5 in Armour
  2583 | D:4      | Noticed Robin
  2624 | D:4      | Reached XP level 6. HP: 19/51 MP: 6/6
  2639 | D:4      | Killed Robin
  2836 | D:4      | Noticed a water moccasin
  2845 | D:4      | Killed a water moccasin
  3444 | D:4      | Reached XP level 7. HP: 53/58 MP: 7/7
  3949 | D:4      | Reached skill level 12 in Shields
  3949 | D:4      | Reached XP level 8. HP: 65/65 MP: 8/8
  3950 | D:4      | Reached XP level 9. HP: 78/78 MP: 8/14
  3997 | D:4      | Gained mutation: You expend magic power (3 MP) to
                  | strengthen your wands. [potion of mutation]
  3997 | D:4      | Gained mutation: You have hidden genetic potential. [potion
                  | of mutation]
  4047 | D:5      | Entered Level 5 of the Dungeon
  4129 | D:5      | Noticed Menkaure
  4136 | D:5      | Killed Menkaure
  4536 | D:5      | Found a burning altar of Makhleb.
  4866 | D:6      | Found a glowing drain.
  4901 | Sewer    | Entered a sewer
  5018 | Sewer    | Reached skill level 10 in Fighting
  5479 | D:6      | Reached XP level 10. HP: 81/85 MP: 15/15
  6004 | D:6      | Identified the +1 pair of boots of Bocsio {Dex+3}
  6179 | D:6      | Found a hide-covered altar of Uskayaw.
  6359 | D:7      | Found Dithro Zowe's Jewellery Emporium.
  6363 | D:7      | Found a staircase to the Ecumenical Temple.
  6418 | D:7      | Gained mutation: You have sharp toenails. [hidden
                  | potential]
  6420 | Temple   | Entered the Ecumenical Temple
  6827 | D:7      | Found a runed translucent door.
  6835 | D:7      | Noticed rozman's ghost (novice TeSu)
  6855 | D:7      | Found an iron altar of Okawaru.
  7274 | D:7      | Identified the ring of Ajiz {rC+ Str+5}
  7774 | D:8      | Found a stormy altar of Qazlal.
  7806 | D:8      | Became a worshipper of Qazlal Stormbringer
  7825 | D:8      | Found a staircase to the Lair.
  7825 | D:8      | Noticed a death yak
  7826 | D:8      | Noticed a death yak
  7826 | D:8      | Noticed a death yak
  7826 | D:8      | Noticed a death yak
  7838 | D:8      | Noticed a death yak
  7849 | D:8      | Killed a death yak
  7882 | D:7      | HP: 3/127 [death yak (10)]
  7887 | D:7      | Slain by a death yak

Illustrated notes

Levels and vault maps discovered:
D:1:      eino_arrival_druids_welcome, layout_loops_corners, minivault_5
D:2:      layout_loops_ring, shapermc_ecumenical_altar_gd
D:3:      layout_rooms, minmay_gold_behind_fungi, minmay_misc_feat_roman
D:4:      corexii_shack_village, layout_loops_ring, minmay_increasing_density,
          uniq_robin
D:5:      layout_basic, demons_altar, uniq_menkaure
D:6:      layout_loops_ring, lemuel_tele_altar, cheibrodos_sewer_entry_sluice
D:7:      layout_layer_cave, okawaru_altar_gauntlet_db,
          minmay_temple_entry_mini_moons, ebering_ghost_reflecting_pool,
          serial_shops, nicolae_shop_just_a_little_nook,
          small_statue_intersection, minmay_mini_ossuary
D:8:      layout_loops_corners, lemuel_crystal_altar,
          mainiacjoe_overflow_24_doors, dpeg_lair_monsters, uniq_pikel,
          uniq_maggie, uniq_joseph
Temple:   regret_index_temple_waves

Skill      XL: |  1  2  3  4  5  6  7  8  9 10 |
---------------+-------------------------------+-----
Fighting       | 4 5 6 9 10 | 10.0
Armour         | 4 5 6 7 8 |  8.5
Axes           | 9 |  9.3
Shields        | 12 | 12.3
Invocations    | 7 8 |  8.5

Action                     |  1- 3 |  4- 6 |  7- 9 | 10-12 || total
---------------------------+-------+-------+-------+-------++-------
  Melee: War axe           |    76 |   206 |   262 |   127 ||   671
Ability: Dig               |     1 |       |       |       ||     1
  Evoke: Wand              |       |       |       |     5 ||     5
    Use: Scroll            |     3 |     3 |     7 |     3 ||    16
         Potion            |       |     1 |    11 |     6 ||    18
 Armour: Scale mail        |    34 |   127 |    37 |       ||   198
         Chain mail        |       |       |    97 |    35 ||   132
         Skin              |       |       |       |     4 ||     4
  Dodge: Dodged            |    30 |   107 |   103 |    28 ||   268
  Block: Buckler           |    22 |    57 |   125 |    21 ||   225
         Kite shield       |       |       |       |    61 ||    61
